 Dungeon Crawl Stone Soup version 0.26.1-11-gd32895ea62 (webtiles) character file.

Game seed: 17144476379793110637

129 Zeld the Sneak (level 4, 0/22 HPs)
             Began as a Spriggan Brigand on June 5, 2021.
             Was an Initiate of Dithmenos.
             Slain by a quokka (3 damage)
             ... on level 2 of the Dungeon.
             The game lasted 00:06:08 (3773 turns).

Zeld the Sneak (Spriggan Brigand)                   Turns: 3773, Time: 00:06:09

Health: 0/22       AC:  5    Str:  7    XL:     4   Next: 88%
Magic:  7/7        EV: 16    Int: 12    God:    Dithmenos [......]
Gold:   74         SH:  5    Dex: 18    Spells: 6/6 levels left

rFire    . . .     SeeInvis +   a - +2 dagger
rCold    + . .     Faith    .   n - +0 buckler {rPois}
rNeg     . . .     Spirit   .   b - +2 robe {rC+}
rPois    +         Reflect  .   (helmet restricted)
rElec    .         Harm     .   c - +0 cloak
rCorr    .         Rampage  .   (gloves unavailable)
Will     .....                  (boots unavailable)
Stlth    ++++......             (no amulet)
HPRegen  0.07/turn              (no ring)
MPRegen  0.10/turn              (no ring)

@: very quick
A: very small, unfitting armour, see invisible, speed 3
a: Renounce Religion


You were on level 2 of the Dungeon.
You worshipped Dithmenos.
Dithmenos was noncommittal.
You visited 1 branch of the dungeon, and saw 3 of its levels.

You collected 74 gold pieces.

Inventory:

Hand Weapons
 a - a +2 dagger (weapon)
Missiles
 d - 8 poisoned darts (quivered)
 e - 2 curare-tipped darts
Armour
 b - a +2 robe of cold resistance (worn)
 c - a +0 cloak (worn)
 n - a +0 buckler of poison resistance (worn)
Jewellery
 i - an uncursed ring of protection from cold {unknown}
 k - a +6 ring of strength {unknown}
Scrolls
 f - 2 scrolls of fog {unknown}
 g - 2 scrolls of teleportation {unknown}
 h - a scroll of magic mapping {unknown}
 j - 3 scrolls of identify {unknown}
 m - a scroll of random uselessness {unknown}
Potions
 l - a potion of attraction {unknown}


   Skills:
 - Level 1.5 Fighting
 * Level 3.7 Short Blades
 * Level 3.4 Throwing
 - Level 1.5 Dodging
 + Level 6.5 Stealth
 + Level 1.8 Spellcasting


You had 6 spell levels left.
You didn't know any spells.
Your spell library was empty.

Dungeon Overview and Level Annotations

Branches:
Dungeon (3/15)

Altars:
Dithmenos
Fedhas
Gozag
Hepliaklqana
Okawaru
Qazlal
Ru
Sif Muna
Vehumet


Innate Abilities, Weirdness & Mutations

You are very small and have problems with some larger weapons.
You are too small for most types of armour.
You have supernaturally acute eyesight. (SInv)
You cover ground extremely quickly.


Message History

You closely miss the quokka.
The quokka is lightly wounded.
The quokka misses you.
You hit the quokka but do no damage.
The quokka is lightly wounded.
The quokka barely misses you.
You closely miss the quokka.
The quokka is lightly wounded.
The quokka bites you but does no damage.
You hit the quokka.
The quokka is moderately wounded.
The quokka bites you.
* * * LOW HITPOINT WARNING * * *
You hit the quokka but do no damage.
The quokka is moderately wounded.
The quokka bites you but does no damage.
You closely miss the quokka.
The quokka is moderately wounded.
The quokka bites you.
You die...

#.<..######..#
#.....
#............#
#.....
###.#######.##
#.#### #.# #.#
#.# #.#
####.######.#
#.#
#.÷.........#
##.##
#÷#####.#####
#...###.#
#.########
#....@ro#
#.........
#...###.#
#.########
#####
#.#####.#
#.......#
#########


You could see an orc and a quokka.

Vanquished Creatures
  Jessica (D:2)
  2 adders (D:2)
  4 dart slugs (D:1)
  4 leopard geckos
  2 orcs (D:3)
  3 giant cockroaches
  6 goblins
  7 hobgoblins
  10 jackals
  2 ball pythons (D:3)
  8 bats
  A frilled lizard (D:1)
  11 kobolds
  6 rats
67 creatures vanquished.

Notes
Turn   | Place    | Note
-------+----------+-------------------------------------------
     0 | D:1      | Zeld the Spriggan Brigand began the quest for the Orb.
     0 | D:1      | Reached XP level 1. HP: 10/10 MP: 2/2
   105 | D:1      | Reached skill level 6 in Stealth
   107 | D:1      | Reached XP level 2. HP: 14/14 MP: 3/3
   210 | D:1      | Reached skill level 1 in Spellcasting
   272 | D:1      | Reached XP level 3. HP: 3/18 MP: 5/5
  1834 | D:2      | Reached XP level 4. HP: 14/22 MP: 7/7
  1967 | D:2      | Found an opulent altar of Gozag.
  1975 | D:2      | Found a stormy altar of Qazlal.
  1980 | D:2      | Found a radiant altar of Vehumet.
  1987 | D:2      | Found a hazy altar of Hepliaklqana.
  1993 | D:2      | Found an iron altar of Okawaru.
  2004 | D:2      | Found a blossoming altar of Fedhas.
  2013 | D:2      | Found a shadowy altar of Dithmenos.
  2107 | D:2      | Became a worshipper of Dithmenos the Shadowed
  2462 | D:2      | Noticed Jessica
  2485 | D:2      | Killed Jessica
  2673 | D:2      | Found a shimmering blue altar of Sif Muna.
  2673 | D:2      | Found a sacrificial altar of Ru.
  2904 | D:3      | Noticed a phantom
  3773 | D:2      | Slain by a quokka

Illustrated notes

Levels and vault maps discovered:
D:1:      dpeg_arrival_yet_another_circle, layout_basic, grunt_decor_one_mirror,
          st_stairs_9, minmay_heptomino_l4
D:2:      layout_loops_ring, grunt_temple_overflow_octagram,
          gammafunk_temple_overflow_statue, uniq_jessica
D:3:      layout_basic, moated_statue

Skill      XL: |  1  2  3 |
---------------+----------+-----
Stealth        | 6 |  6.5
Spellcasting   | 1 |  1.8
Short Blades   | 3 |  3.7
Throwing       | 3 |  3.4
Fighting       | |  1.5
Dodging        | |  1.5

Action                   |  1- 3 |  4- 6 || total
-------------------------+-------+-------++-------
Melee: Dagger            |   150 |   148 ||   298
 Stab: Sleeping          |    17 |     6 ||    23
Armor: Robe              |    15 |    21 ||    36
Dodge: Dodged            |   122 |    90 ||   212
Block: Buckler           |       |    10 ||    10
